 Dungeon Crawl Stone Soup version 0.21.1-1-g345015f (webtiles) character file.

48 inc the Chiller (level 3, 14/14 HPs)
             Began as a Felid Ice Elementalist on Feb 22, 2018.
             Quit the game on level 4 of the Dungeon.
             The game lasted 00:04:35 (2666 turns).

inc the Chiller (Felid Ice Elementalist)            Turns: 2666, Time: 00:04:35

Health: 14/14      AC:  1    Str:  4    XL:     3   Next: 50%
Magic:  7/7        EV: 18    Int: 17    God:
Gold:   91         SH:  0    Dex: 16    Spells: 2/6 levels left
                                        Lives:  0   Deaths: 1

rFire    . . .     SeeInvis +   (weapon unavailable)
rCold    . . .     Gourm    .   (shield unavailable)
rNeg     . . .     Faith    .   (armour unavailable)
rPois    .         Spirit   .   (helmet unavailable)
rElec    .         Reflect  .   (cloak unavailable)
rCorr    .         Harm     .   (gloves unavailable)
MR       .....                  (boots unavailable)
Stlth    +++.......             (no amulet)
HPRegen  0.04/turn              (no ring)
MPRegen  0.10/turn              (no ring)

@: quick
A: very small, no armour, no weapons or thrown items, stealth, claws 1, fangs 3,
see invisible, carnivore, speed 1, shaggy fur 1, slow metabolism 1, sharp paws
a: no special abilities


You were on level 4 of the Dungeon.
You were not hungry.

You visited 1 branch of the dungeon, and saw 4 of its levels.

You collected 91 gold pieces.

Inventory:

Jewellery
 g - a cursed -2 ring of protection {unknown}
Scrolls
 c - a scroll of enchant armour {unknown}
 h - 2 scrolls of identify {unknown}
 j - 3 scrolls of magic mapping {unknown}
 l - a scroll of fog {unknown}
Potions
 d - 3 potions of haste {unknown}
 e - a potion of lignification {unknown}
 f - a potion of magic {unknown}
 i - a potion of degeneration {unknown}
 k - a potion of brilliance {unknown}
 m - a potion of curing {unknown}
Books
 a - a book of Frost

   Spells                             Type                      Level
   a - Freeze                         Ice                          1
   b - Throw Frost                    Conjuration/Ice              2
   c - Ozocubu's Armour               Charms/Ice                   3
   d - Throw Icicle                   Conjuration/Ice              4
   e - Summon Ice Beast               Ice/Summoning                4
Comestibles
 b - 5 rations


   Skills:
 - Level 2.7 Dodging
 - Level 2.7 Stealth
 - Level 2.2 Spellcasting
   Level 0.8 Conjurations
 + Level 2.3 Charms
 - Level 4.2 Ice Magic


You had 2 spell levels left.
You knew the following spells:

 Your Spells              Type           Power        Failure   Level  Hunger
a - Freeze                Ice            ###.         3%          1    #......
b - Ozocubu's Armour      Chrm/Ice       ##......     14%         3    ###....


Dungeon Overview and Level Annotations

Branches:
Dungeon (4/15)
 Temple: D:4-7

Altars:
Ashenzari
Makhleb
Okawaru
Sif Muna
Wu Jian
The Shining One


Innate Abilities, Weirdness & Mutations

You cannot wear armour.
You are incapable of wielding weapons or throwing items.
Your paws allow you to move quietly. (Stealth)
You have sharp claws.
You have razor-sharp teeth.
You have supernaturally acute eyesight. (SInv)
You are carnivorous and can eat meat at any time.
You cover ground quickly.
You are covered in fur. (AC +1)
You have a slow metabolism.
Your sharp claws are effective at attacking unaware monsters.


Message History

Aiming: Freeze
Press: ? - help, Shift-Dir - straight line, f - ogre
Aim: an ogre, wielding a giant club
Okay, then.
You enter the shallow water.
Moving in this stuff is going to be slow.
The ogre misses you. The ogre hits you with a giant club!
Ouch! That really hurt!
* * * LOW HITPOINT WARNING * * *
The ogre completely misses you. The ogre hits you with a giant club!
You die...
You are now level 3!
You rejoin the land of the living...
Found 7 gold pieces.
Found a stone staircase leading down.
A leopard gecko skeleton comes into view.
You see here 7 gold pieces.
Unknown command.
Are you sure you want to abandon this character and quit the game? (Confirm with "yes".)

....
##.........
....
#..........
....
#..>.......
....
#..........
....
#....Z....#
....
#.......#
....
###......#
....
#....@#
...#
#..#####
..## #...
#.


You could see a leopard gecko skeleton (dormant).

Vanquished Creatures
  A worker ant (D:4)
  2 adders (D:2)
  An ooze (D:2)
  A worm (D:2)
  2 leopard geckos
  A giant cockroach (D:2)
  11 goblins
  7 hobgoblins (D:2)
  6 jackals
  A quokka (D:4)
  2 ball pythons (D:2)
  5 bats
  4 kobolds
  2 rats (D:2)
46 creatures vanquished.

Notes
Turn   | Place    | Note
-------+----------+-------------------------------------------
     0 | D:1      | inc the Felid Ice Elementalist began the quest for the Orb.
     0 | D:1      | Reached XP level 1. HP: 7/7 MP: 4/4
   242 | D:1      | Reached skill level 3 in Ice Magic
   242 | D:1      | Reached XP level 2. HP: 11/11 MP: 6/6
   712 | D:2      | Reached XP level 3. HP: 11/14 MP: 1/7
   841 | D:2      | Found a shattered altar of Ashenzari.
   881 | D:2      | Found a glowing golden altar of the Shining One.
  1483 | D:2      | Reached skill level 4 in Ice Magic
  1780 | D:2      | Learned a level 3 spell: Ozocubu's Armour
  2114 | D:3      | Reached XP level 4. HP: 18/18 MP: 4/8
  2128 | D:3      | Found an ornate altar of the Wu Jian Council.
  2184 | D:3      | Reached skill level 1 in Charms
  2398 | D:4      | Found an iron altar of Okawaru.
  2423 | D:4      | Noticed an ogre
  2522 | D:4      | Found a burning altar of Makhleb.
  2522 | D:4      | Noticed a cacodemon
  2648 | D:4      | Found a deep blue altar of Sif Muna.
  2665 | D:4      | Slain by an ogre
  2666 | D:4      | Reached XP level 3. HP: -5/14 MP: 7/7
  2666 | D:4      | Quit the game

Skill      XL: |  1  2  3  4 |
---------------+-------------+-----
Ice Magic      | 3 4 |  4.2
Charms         | 2 |  2.3
Dodging        | |  2.7
Stealth        | |  2.7
Spellcasting   | |  2.2
Conjurations   | |  0.8

Action                   |  1- 3 |  4- 6 || total
-------------------------+-------+-------++-------
Melee: Unarmed           |    19 |     3 ||    22
       Bite              |     3 |       ||     3
 Cast: Freeze            |    52 |    15 ||    67
 Stab: Sleeping          |     7 |     3 ||    10
  Eat: Chunk             |     3 |     3 ||     6
Armor: Skin              |     1 |       ||     1
Dodge: Dodged            |    56 |    21 ||    77
